 Dungeon Crawl Stone Soup version 0.28-a0-723-g095bd1b44f (webtiles) character file.

Game seed: 244981849882055893

3 flotson the Sneak (level 1, -2/18 HPs)
             Began as a Demonspawn Delver on Oct 25, 2021.
             Killed by divine providence
             ... invoked by an orc priest
              (12 damage)
             ... on level 3 of the Dungeon.
             The game lasted 00:00:52 (230 turns).

flotson the Sneak (Demonspawn Delver)                Turns: 230, Time: 00:00:53

Health: -2/18      AC:  3    Str: 12    XL:     1   Next: 41%
Magic:  1/1        EV: 11    Int: 11    God:
Gold:   28         SH:  0    Dex: 14    Spells: 0/0 levels left

rFire   . . .      SeeInvis .   a - +0 hand axe
rCold   . . .      Faith    .   (no shield)
rNeg    . . .      Spirit   .   b - +0 leather armour
rPois   .          Reflect  .   (no helmet)
rElec   .          Harm     .   (no cloak)
rCorr   .          Rampage  .   (no gloves)
Will    .....                   (no boots)
Stlth   ++........              (no amulet)
HPRegen 0.06/turn               (no ring)
MPRegen 0.07/turn               (no ring)

@: no status effects
A: no striking features
a: no special abilities


You were on level 3 of the Dungeon.
You visited 1 branch of the dungeon, and saw 3 of its levels.

You collected 28 gold pieces.

Inventory:

Hand Weapons
 a - a +0 hand axe (weapon)
Armour
 b - a +0 leather armour (worn)
Wands
 g - a wand of digging (3)
Scrolls
 c - a scroll of fog
 e - a scroll of fear
Potions
 d - a potion of degeneration {unknown}


   Skills:
 + Level 3.0 Fighting
 - Level 1.7 Axes
 + Level 0.2 Armour
 + Level 1.8 Dodging
 + Level 4.5 Stealth


You couldn't memorise any spells.
You didn't know any spells.
Your spell library was empty.

Dungeon Overview and Level Annotations

Branches:
Dungeon (5/15)
 Temple: D:4-7

Altars:

Annotations:
D:5 1 runed translucent door, flotson's ghost, weakling DsDe


Message History

You barely miss the hobgoblin. The hobgoblin barely misses you.
You closely miss the hobgoblin. You barely miss the hobgoblin.
The hobgoblin hits you but does no damage.
You hit the hobgoblin.
You kill the hobgoblin!
Things that are here:
a +0 dagger; a stone Your extra speed is starting to run out.
You feel yourself slow down.
A goblin is nearby!
You closely miss the goblin. The goblin closely misses you.
You hit the goblin.
You kill the goblin!
d - an inky potion You see here a +0 club.
HP restored.
An iguana comes into view.
Found a stone staircase leading up.
The iguana hisses angrily.
Found a stone staircase leading down.
A hobgoblin comes into view.
The hobgoblin shouts!
Found a falchion.
A jackal comes into view.
The iguana hisses menacingly.
There is a stone staircase leading up here.
The hobgoblin hits you.
You climb upwards.
The orc shouts!
The orc priest shouts!
There is a stone staircase leading down here.
The hobgoblin closely misses you.
The orc shouts!
You hear an angry hiss.
The hobgoblin hits you.
The orc priest looks braver for a moment.
Found a stone staircase leading down.
The orc priest invokes the aid of Beogh against you.
Beogh smites you!
Ouch! That really hurt!
You die...

#.# #####.#
#.......#.#
#... ...#.# #
#.o.##..#.#
..##oo..#..#.#
....S.....#>#
#...#...#.#
#S.#.....g.@.#
#......>...###
##.###.#.###
.....# ###.###
#.. #.. #..
#..


You could see an orc priest, an adder, 2 orcs and a hobgoblin.

Vanquished Creatures
  A goblin (D:4)
  A hobgoblin (D:4)
  A kobold (D:4)
3 creatures vanquished.

Notes
Turn   | Place    | Note
-------+----------+-------------------------------------------
     0 | D:5      | flotson the Demonspawn Delver began the quest for the Orb.
     0 | D:5      | Reached XP level 1. HP: 18/18 MP: 1/1
     0 | D:5      | Noticed a howler monkey
     0 | D:5      | Noticed flotson's ghost (weakling DsDe)
    17 | D:5      | Noticed a black bear
    27 | D:5      | Noticed a water moccasin zombie
    48 | D:5      | Noticed an ogre
   206 | D:4      | Noticed an iguana
   226 | D:3      | Noticed an orc priest
   230 | D:3      | Killed from afar by an orc priest

Illustrated notes

Levels and vault maps discovered:
D:3:      layout_loops_cross, fedhas_ov_isle_minmay
D:4:      layout_cave_pools, grunt_temple_overflow_magic_moments
D:5:      layout_gridville, ebering_ghost_inner_flame, chequers_big_river,
          serial_bayou_pond_e, dk_noncrumbling_3, minmay_manual_mullet

Action                   || total
-------------------------++-------
Melee: Hand axe          ||    18
  Use: Scroll            ||     1
       Potion            ||     1
Armor: Leather armour    ||     2
Dodge: Dodged            ||     9

Table legend: (Time is in decaauts)
 A = Elapsed time spent in this place.
 B = Non-inter-level travel time spent in this place.
 C = Inter-level travel time spent in this place.
 D = Time resting spent in this place.
 E = Time spent auto-exploring this place.
 F = Levels seen in this place.
 G = Mean time per level.
                   A        B        C        D        E       F      G
               +--------+--------+--------+--------+--------+-----+--------+
         Total |    214 |    214 |      0 |      0 |    125 |   3 |   71.3 |
       Dungeon |    214 |    214 |      0 |      0 |    125 |   3 |   71.3 |
               +--------+--------+--------+--------+--------+-----+--------+

Top non-repeatable levels by time:
     D:4: 165 daAuts
     D:5: 45 daAuts
     D:3: 3 daAuts
